 Dungeon Crawl Stone Soup version 0.27.1-4-g1640c2035a (webtiles) character file.

Game seed: 15911668669789993182

2 MisterFreud the Thaumaturge (level 1, -1/13 HPs)
             Began as a Gnoll Wanderer on Nov 6, 2021.
             Slain by a quokka (5 damage)
             ... on level 1 of the Dungeon.
             The game lasted 00:00:46 (367 turns).

MisterFreud the Thaumaturge (Gnoll Wanderer)         Turns: 367, Time: 00:00:46

Health: -1/13      AC:  2    Str: 12    XL:     1   Next: 30%
Magic:  10/10      EV:  8    Int: 12    God:
Gold:   25         SH:  7    Dex:  9    Spells: 17/18 levels left

rFire    . . .     SeeInvis .   a - +0 club
rCold    . . .     Faith    .   c - +0 kite shield
rNeg     . . .     Spirit   .   b - +0 robe
rPois    .         Reflect  .   (no helmet)
rElec    .         Harm     .   (no cloak)
rCorr    .         Rampage  .   (no gloves)
Will     .....                  (no boots)
Stlth    +.........             (no amulet)
HPRegen  0.04/turn              (no ring)
MPRegen  0.12/turn              (no ring)

@: no status effects
A: fangs 1, strong nose, distributed training
a: no special abilities


You were on level 1 of the Dungeon.
You visited 1 branch of the dungeon, and saw 1 of its levels.

You collected 25 gold pieces.

Inventory:

Hand Weapons
 a - a +0 club (weapon)
Armour
 b - a +0 robe (worn)
 c - a +0 kite shield (worn)


   Skills:
 + Level 0.0 Fighting
 + Level 0.0 Short Blades
 + Level 0.0 Long Blades
 + Level 0.0 Axes
 + Level 0.0 Maces & Flails
 + Level 0.0 Polearms
 + Level 0.0 Staves
 + Level 0.0 Slings
 + Level 0.0 Bows
 + Level 0.0 Crossbows
 + Level 0.0 Throwing
 + Level 0.0 Armour
 + Level 0.0 Dodging
 + Level 0.0 Stealth
 + Level 2.3 Shields
 + Level 0.0 Unarmed Combat
 + Level 9.2 Spellcasting
 + Level 0.0 Conjurations
 + Level 0.0 Hexes
 + Level 0.0 Summonings
 + Level 0.0 Necromancy
 + Level 0.0 Translocations
 + Level 5.3 Transmutations
 + Level 0.0 Fire Magic
 + Level 0.0 Ice Magic
 + Level 0.0 Air Magic
 + Level 0.0 Earth Magic
 + Level 1.9 Poison Magic
 + Level 0.1 Invocations
 + Level 2.3 Evocations


You had 17 spell levels left.
You knew the following spells:

 Your Spells              Type           Power      Damage    Failure   Level
a - Animate Skeleton      Necr           10%        N/A       54%         1

Your spell library contained the following spells:

 Spells                   Type           Power      Damage    Failure   Level
 Corona                   Hex            5%         N/A       54%         1
 Tukima's Dance           Hex            5%         N/A       89%         3
 Vampiric Draining        Necr           2%         2d6       89%         3


Dungeon Overview and Level Annotations

Branches:
Dungeon (1/15)

Altars:


Innate Abilities, Weirdness & Mutations

You have very sharp teeth.
Your uncanny sense of smell can sniff out nearby items.
Your experience applies equally to all skills.


Message History

Unknown command.
You closely miss the quokka. The quokka barely misses you.
The quokka twitches its whiskers.
The quokka bites you but does no damage.
You closely miss the quokka. The quokka barely misses you.
You block the quokka's attack.
Your shield prevents you from hitting the quokka.
The quokka bites you. The quokka completely misses you.
You barely miss the quokka. You block the quokka's attack.
The quokka bites you.
You barely miss the quokka. The quokka barely misses you. The quokka bites you.
You hit the quokka.
The quokka is lightly wounded.
The quokka barely misses you. You block the quokka's attack.
You closely miss the quokka.
The quokka is lightly wounded.
The quokka bites you.
The quokka bites you but does no damage.
You hit the quokka.
The quokka is almost dead.
The quokka bites you but does no damage.
You hit the quokka.
You kill the quokka!
You start resting.
HP restored.
Search for what [? for help]? weap You open the door.
Found 23 stones.
A quokka comes into view.
The quokka twitches its whiskers.
The quokka moves out of view.
There is an open door here.
There is an open door here.
You closely miss the quokka. The quokka bites you.
You block the quokka's attack.
You hit the quokka but do no damage. You bite the quokka, but do no damage.
The quokka barely misses you. You block the quokka's attack.
You hit the quokka but do no damage. You bite the quokka, but do no damage.
The quokka bites you. x2
You die...

....#####
......#.#.###
.....(.#
#..#.#....#.
####......#
#..#..###.#.
#.........+
#.........#.
#.........#
#.##...#####
#.........# #
#........
#....#'####
#...##### #...
#.##### ####.#.....#
### #.r@..#
#..........#
#####.###..........#
#..............#
#####......#.###
#......#..#
#########... ..


You could see a quokka.

Vanquished Creatures
  A quokka (D:1)
  A rat (D:1)
2 creatures vanquished.

Notes
Turn   | Place    | Note
-------+----------+-------------------------------------------
     0 | D:1      | Reached skill level 9 in Spellcasting
     0 | D:1      | MisterFreud the Gnoll Wanderer began the quest for the Orb.
     0 | D:1      | MisterFreud set off with the following items: a +0 club, a
                  | +0 robe, a +0 kite shield; and the following spells
                  | available to memorise: Animate Skeleton, Corona, Tukima's
                  | Dance, Vampiric Draining
     0 | D:1      | Reached XP level 1. HP: 13/13 MP: 10/10
   149 | D:1      | Learned a level 1 spell: Animate Skeleton
   367 | D:1      | Slain by a quokka

Illustrated notes

Levels and vault maps discovered:
D:1:      minmay_arrival_stair_chambers, layout_basic

Skill      XL: | |
---------------+-+-----
Spellcasting   | |  9.2
Shields        | |  2.3
Transmutations | |  5.3
Poison Magic   | |  1.9
Invocations    | |  0.1
Evocations     | |  2.3

Action                   || total
-------------------------++-------
Melee: Club              ||    19
       Bite              ||     3
Armor: Robe              ||     4
Dodge: Dodged            ||     8
Block: Kite shield       ||     7
